 Dungeon Crawl Stone Soup version 0.31-a0-1309-gbf3fed316f (webtiles) character file.

Game seed: 1355111020446190517

13398 newrack the Carver (level 12, -8/184 HPs)
             Began as an Octopode Chaos Knight on Dec 20, 2023.
             Was a Plaything of Xom.
             Mangled by a hornet (9 damage)
             ... on level 1 of the Lair of Beasts.
             The game lasted 00:21:30 (10559 turns).

newrack the Carver (Octopode Chaos Knight)         Turns: 10559, Time: 00:21:31

Health: -8/184     AC: 26    Str: 14 (17) XL:     12   Next: 5%
Magic:  21/21      EV:  2    Int: 10 (11) God:    Xom [..*...]
Gold:   1953       SH:  0    Dex: 20 (22) Spells: 11/11 levels left

rFire   + . .        F - +5 scimitar
rCold   + . .        (no shield)
rNeg    . . .        (helmet currently unavailable)
rPois   +            x - amulet of regeneration
rElec   +            k - ring of willpower
rCorr   +            p - ring of magical power
SInv    .            (no ring)
Will    +....        (no ring) Stlth
                     (no ring)
HPRegen 2.10/turn    (no ring)
MPRegen 0.17/turn    (no ring)
                     (no ring)

%: no passive effects
@: confused, mighty, berserking, lethally poisoned (-8 -> -9), tree-form,
resistant, attractive, very quick
A: stationary, stasis, torment immunity, boosted hp, almost no armour,
(amphibious), 8 rings, (camouflage 1), (gelatinous body 1), (nimble swimmer 1),
(tentacles), (tentacle spike 1), (iridescent scales 1), agile 2, deterioration
1, regeneration 1, strong 2
a: Renounce Religion


You were on level 1 of the Lair of Beasts.
You worshipped Xom.
You were a toy of Xom.
You were a tree.
You visited 2 branches of the dungeon, and saw 14 of its levels.

You collected 2025 gold pieces.
You spent 72 gold pieces at shops.

Inventory:

Hand Weapons
 m - a +0 short sword of draining
 E - a +4 dagger
 F - a +5 scimitar (weapon)
 G - a +2 falchion of electrocution
 P - a +2 dagger of distortion
 S - the +0 war axe "Jyci" {flame, *Slow rF+ Str+8 SInv Stlth-}
   (You found it on level 9 of the Dungeon)

   Str+8:     It affects your strength (+8).
   rF+:       It protects you from fire.
   SInv:      It lets you see invisible.
   *Slow:     It may slow you when you take damage.
   Stlth-:    It makes you less stealthy.
 T - a +2 heavy long sword
Magical Staves
 t - the staff of Ulihorch {rF+ Will+ rCorr Int-3 SInv Fire}
   (You found it on level 4 of the Dungeon)

   [staff of fire]

   Base accuracy: +5 Base damage: 5 Base attack delay: 1.2 This weapon's minimum
   attack delay (0.6) is reached at skill level 12.
   Int-3:     It affects your intelligence (-3).
   rF+:       It protects you from fire.
   Will+:     It increases your willpower.
   SInv:      It lets you see invisible.
   rCorr:     It protects you from acid and corrosion.
   Fire:      It increases the power of your Fire spells.
   It falls into the 'Staves' category.
   It is a one-tentacled weapon.
Jewellery
 k - a ring of willpower (left branch)
 p - a ring of magical power (right branch)
 x - an amulet of regeneration (around neck)
Wands
 J - a wand of iceblast (4) {@v2}
 R - a wand of digging (8) {@v3}
Scrolls
 f - a scroll of enchant weapon
 h - 2 scrolls of vulnerability
 i - 3 scrolls of teleportation {@r3}
 q - 3 scrolls of torment
 s - 2 scrolls of poison
 v - 2 scrolls of enchant armour
 y - a scroll of immolation
 z - a scroll of noise
 M - a scroll of silence
 Q - a scroll of fog
Potions
 d - 3 potions of haste {@q4}
 g - 4 potions of curing {@q1}
 w - a potion of attraction
 B - a potion of cancellation
Miscellaneous
 L - a phial of floods


   Skills:
 - Level 8.0 Fighting
 * Level 12.8 Long Blades
 + Level 10.2 Dodging
 - Level 4.2 Stealth
 - Level 7.4 Evocations


You had 11 spell levels left.
You didn't know any spells.
Your spell library contained the following spells:

 Spells                   Type           Power      Damage    Failure   Level
 Magic Dart               Conj           0%         1d3       36%         1
 Slow                     Hex            0%         N/A       36%         1
 Poisonous Vapours        Pois/Air       0%         N/A       50%         2
 Searing Ray              Conj           0%         2d4       50%         2
 Confusing Touch          Hex            0%         N/A       75%         3
 Gell's Gravitas          Tloc           0%         N/A       75%         3
 Mephitic Cloud           Conj/Pois/Air  0%         N/A       75%         3
 Sigil of Binding         Hex            0%         N/A       75%         3
 Stone Arrow              Conj/Erth      0%         3d7       75%         3
 Teleport Other           Tloc           0%         N/A       75%         3
 Vampiric Draining        Necr           0%         2d6       75%         3
 Fulminant Prism          Conj/Hex       0%         3d5       98%         4
 Summon Ice Beast         Ice/Summ       0%         N/A       98%         4
 Alistair's Intoxication  Tmut/Pois      0%         N/A       100%        5
 Borgnjor's Vile Clutch   Necr/Erth      0%         N/A       100%        5
 Freezing Cloud           Conj/Ice/Air   0%         6-21      100%        5
 Summon Mana Viper        Hex/Summ       0%         N/A       100%        5
 Dispersal                Tloc           0%         N/A       100%        6
 Eringya's Noxious Bog    Tmut/Pois      0%         4d6       100%        6
 Monstrous Menagerie      Summ           0%         N/A       100%        7
 Lehudib's Crystal Spear  Conj/Erth      0%         10d2      100%        8
 Animate Armour           Summ/Erth      Unusable   N/A       N/A         4

Dungeon Overview and Level Annotations

Branches:
Dungeon (13/15)            Temple (0/1) D:6            Lair (1/5) D:8
    Orc (0/2) D:10
 Vaults: D:13-14

Altars:
Gozag
Xom

Shops:
D:8 *

Annotations:
D:9 2 transporters, dertzug's ghost, novice MfGl
D:12 exclusion: boulder beetle


Innate Abilities, Weirdness & Mutations

You are a tree.
Your roots penetrate the ground, keeping you stationary.
You cannot be teleported.
You are immune to unholy pain and torment.
Your maximum health is greatly increased.
You cannot wear most types of armour.
((You are amphibious.))
You can wear up to eight rings at the same time.
((Your skin changes colour to match your surroundings (Stealth+).))
((Your rubbery body absorbs attacks. (AC +1, EV +1)))
((You are camouflaged when in or above water. (Stealth+)))
((You have tentacles for arms and can constrict up to eight enemies at once.))
((One of your tentacles bears a spike.))
((You are partially covered in iridescent scales. (AC +2)))
You are very agile. (Dex +8, Str/Int -2)
Your body sometimes deteriorates upon taking damage.
Your natural rate of healing is unusually fast.
Your muscles are very strong. (Str +8, Int/Dex -2)


Message History

You feel very mighty all of a sudden.
You feel sick.
The hornet stings you but does no damage.
The hornet stings you.
* * * LOW HITPOINT WARNING * * *
It was a potion of resistance.
You feel protected.
You feel yourself speed up.
You feel sick.
You are no longer poisoned.
The hornet stings you but does no damage. x2
The golden eye is attracted toward you.
It was a potion of berserk rage.
A red film seems to cover your vision as you go berserk!
You feel yourself moving faster!
You feel mighty! The hornet stings you.
* * * LOW HITPOINT WARNING * * *
You are lethally poisoned!
You feel yourself slow down.
The hornet stings you but does no damage.
The golden eye blinks!
The golden eye is attracted toward you.
You barely miss the golden eye.
* * * LOW HITPOINT WARNING * * *
You feel very sick.
The hornet stings you but does no damage.
You miss the golden eye.
You feel yourself speed up.
You feel sick.
The hornet stings you but does no damage.
The golden eye blinks at you.
You are confused.
You are too berserk!
You cannot move. (Use ctrl+direction or * direction to attack while stationary and confused.)
You cannot move. (Use ctrl+direction or * direction to attack while stationary and confused.)
You cannot move. (Use ctrl+direction or * direction to attack while stationary and confused.)
You cannot move. (Use ctrl+direction or * direction to attack while stationary and confused.)
You cannot move. (Use ctrl+direction or * direction to attack while stationary and confused.)
You slash the hornet!
* * * LOW HITPOINT WARNING * * *
You feel sick. The hornet stings you!
You die...
Xom roars with laughter!

#.......................
#.###..##.###..#.###.##
##.#### #.#### ### #.##
#.# ##†.# #.# #§.## #.P
##.## ..# #.G.# #..
##♣## P.. #y# ... #b#.#
#. .# .# #. #. .# .# #.
#. .# ## ##


You could see a hornet, a fire bat and a golden eye.

Vanquished Creatures
  A boulder beetle (D:11)
  A two-headed ogre (D:10)
  A deep elf pyromancer (D:12)
  An ugly thing (D:10)
  A black mamba (Lair:1)
  An eye of devastation (D:11)
  A tengu conjurer (D:12)
  3 trolls
  2 hornets
  2 shadows (D:9)
  3 vampires
  2 wyverns (D:8)
  A wraith (D:12)
  A golden eye (D:9)
  10 yaks
  9 vampire mosquitoes
  A steam dragon (D:9)
  An acid dragon (D:10)
  2 water moccasins
  8 orc warriors
  2 sky beasts (D:6)
  3 black bears
  4 ogres
  2 centaurs
  2 phantoms (D:5)
  8 bullfrogs
  4 scorpions
  4 jellies
  16 wights
  10 killer bees (D:8)
  5 electric eels (D:8)
  5 howler monkeys (D:11)
  8 orc priests
  A gnoll bouda (D:7)
  A hound (D:6)
  A sleepcap (D:7)
  2 iguanas
  7 orc wizards
  6 adders
  4 gnolls (D:7)
  A white imp (D:7)
  6 ufetubi
  A worm (D:3)
  4 dart slugs
  47 orcs
  4 ball pythons
  2 bats
  4 endoplasms (D:3)
  2 giant cockroaches
  9 hobgoblins
  4 jackals
  2 kobolds
  A quokka (D:5)
  4 frilled lizards
  4 goblins
  3 rats
245 creatures vanquished.

Vanquished Creatures (collateral kills)
  A wight (D:8)
1 creature vanquished.

Grand Total: 246 creatures vanquished

Notes
Turn   | Place    | Note
-------+----------+-------------------------------------------
     0 | D:1      | newrack the Octopode Chaos Knight began the quest for the
                  | Orb.
     0 | D:1      | Reached XP level 1. HP: 16/16 MP: 1/1
   212 | D:1      | Reached XP level 2. HP: 21/21 MP: 2/2
   895 | D:2      | XOM: give mutations
   895 | D:2      | Gained mutation: Your muscles are strong. (Str +4, Int/Dex
                  | -1) [Xom's grace]
   895 | D:2      | Gained mutation: You passively dampen the noise of your
                  | surroundings. [Xom's grace]
   931 | D:2      | Reached XP level 3. HP: 13/27 MP: 3/3
  1335 | D:2      | XOM is BORED!
  1335 | D:2      | XOM: summons 3 hostile shadow creatures
  2023 | D:3      | Reached XP level 4. HP: 29/34 MP: 4/4
  2081 | D:3      | XOM: scenery: 2 doors close
  2158 | D:3      | Noticed a scorpion
  2172 | D:3      | XOM: confuse monster(s)
  2177 | D:3      | Killed a scorpion
  2178 | D:3      | Reached skill level 5 in Fighting
  2178 | D:3      | Reached XP level 5. HP: 39/40 MP: 5/5
  2420 | D:3      | XOM: give mutation
  2420 | D:3      | Gained mutation: Your skin blends seamlessly with your
                  | surroundings (Stealth++). [Xom's grace]
  2424 | D:3      | XOM: divination: detect items
  2442 | D:4      | XOM: summons friendly crimson imp
  2527 | D:4      | Identified the staff of Ulihorch {rF+ Will+ rCorr Int-3
                  | SInv Fire}
  2533 | D:4      | Found an opulent altar of Gozag.
  2782 | D:4      | XOM: god gift: book of Beasts
  2834 | D:4      | Reached XP level 6. HP: 18/47 MP: 6/6
  3025 | D:4      | XOM: give mutations
  3025 | D:4      | Gained mutation: Your muscles are very strong. (Str +8,
                  | Int/Dex -2) [Xom's grace]
  3025 | D:4      | Gained mutation: Your natural rate of healing is unusually
                  | fast. [Xom's grace]
  3025 | D:4      | Gained mutation: You have hidden genetic potential. [Xom's
                  | grace]
  3137 | D:5      | Entered Level 5 of the Dungeon
  3177 | D:5      | XOM: scenery: summon butterflies
  3193 | D:5      | Reached skill level 1 in Stealth
  3209 | D:5      | Noticed a black bear
  3220 | D:5      | Killed a black bear
  3221 | D:5      | Reached XP level 7. HP: 52/54 MP: 7/7
  3267 | D:5      | Gained mutation: You are agile. (Dex +4, Str/Int -1)
                  | [hidden potential]
  3341 | D:5      | XOM: give mutation
  3341 | D:5      | Lost mutation: You passively dampen the noise of your
                  | surroundings. [Xom's mischief]
  3465 | D:5      | XOM: draining
  3649 | D:6      | Found a staircase to the Ecumenical Temple.
  3711 | D:6      | Reached skill level 1 in Evocations
  3770 | D:6      | Reached XP level 8. HP: 53/57 MP: 8/8
  3813 | D:6      | Gained mutation: You are strong-willed. (Will+) [hidden
                  | potential]
  3813 | D:6      | Lost mutation: You have hidden genetic potential. [hidden
                  | potential expressed]
  3912 | D:6      | XOM: smoke on damage
  4031 | D:6      | Reached skill level 5 in Dodging
  4066 | D:6      | XOM: enchant monster (good)
  4074 | D:6      | Reached skill level 4 in Long Blades
  4108 | D:6      | XOM: noise
  4114 | D:6      | Reached skill level 5 in Evocations
  4114 | D:6      | Reached XP level 9. HP: 16/66 MP: 9/9
  4220 | D:6      | XOM: silly message
  4226 | D:6      | Reached skill level 5 in Long Blades
  4394 | D:6      | XOM: noise
  4511 | D:7      | XOM: give mutations
  4511 | D:7      | Lost mutation: Your skin blends seamlessly with your
                  | surroundings (Stealth++). [Xom's mischief]
  4511 | D:7      | Gained mutation: One of your tentacles bears a spike.
                  | [Xom's mischief]
  4511 | D:7      | Gained mutation: Your body sometimes deteriorates upon
                  | taking damage. [Xom's mischief]
  5150 | D:7      | Reached skill level 6 in Long Blades
  5443 | D:8      | XOM: confusion
  5446 | D:8      | XOM: silly message
  5473 | D:8      | Reached skill level 7 in Long Blades
  5498 | D:8      | XOM: enchant monster (bad)
  5512 | D:8      | Reached XP level 10. HP: 72/72 MP: 10/10
  5539 | D:8      | XOM: god gift: 1121 gold pieces
  5579 | D:8      | Found a staircase to the Lair.
  5773 | D:8      | XOM: cast spell 'Summon Ice Beast'
  5821 | D:8      | Reached skill level 8 in Long Blades
  5917 | D:8      | XOM: butterfly on damage
  5982 | D:8      | XOM: silly message
  6155 | D:8      | Found Lourgh's Assorted Antiques.
  6313 | D:8      | XOM: enchant monster (bad)
  6848 | D:8      | Bought a scroll of identify for 50 gold pieces
  6848 | D:8      | Bought a brown potion for 22 gold pieces
  6986 | D:9      | XOM: confusion
  7255 | D:9      | Noticed Psyche
  7257 | D:9      | Psyche changed into Psyche the golden eye
  7257 | D:9      | Noticed Psyche
  7258 | D:9      | XOM: confusion
  7263 | D:9      | Killed Psyche the golden eye
  7476 | D:9      | Found a transporter.
  7476 | D:9      | Found a transporter.
  7477 | D:9      | Noticed dertzug's ghost (novice MfGl)
  7528 | D:9      | Identified the +0 war axe "Jyci" {flame, *Slow rF+ Str+8
                  | SInv Stlth-}
  7592 | D:9      | Reached skill level 9 in Long Blades
  7921 | D:10     | Entered Level 10 of the Dungeon
  7990 | D:10     | Noticed a green ugly thing
  7996 | D:10     | XOM: scenery: create altars
  7998 | D:10     | XOM: cleaving
  8000 | D:10     | Killed a green ugly thing
  8051 | D:10     | Found a staircase to the Orcish Mines.
  8061 | D:10     | XOM: enchant monster (good)
  8084 | D:10     | XOM: god gift: hand axe {god gift}
  8137 | D:10     | Noticed a two-headed ogre
  8228 | D:10     | XOM: god gift: 25 gold pieces
  8298 | D:10     | XOM: 2-stop teleportation journey
  8300 | D:10     | XOM: torment (37/72 hp)
  8303 | D:10     | XOM: summons 6 hostile demons
  8304 | D:10     | Noticed a soul eater
  8339 | D:10     | Reached skill level 10 in Long Blades
  8343 | D:10     | Reached XP level 11. HP: 53/77 MP: 11/11
  8371 | D:10     | Killed a two-headed ogre
  8395 | D:10     | XOM: chaos cloud
  8411 | D:10     | XOM: draining
  8569 | D:10     | XOM: cloud trail
  8914 | D:10     | XOM: scenery: summon butterflies
  8969 | D:10     | XOM: silly message
  9073 | D:11     | Reached skill level 11 in Long Blades
  9110 | D:11     | Noticed an orc knight
  9330 | D:11     | XOM: summons friendly quasit
  9331 | D:11     | XOM: torment (32/77 hp)
  9371 | D:11     | You fall into a shaft and drop 2 floors!
  9380 | D:13     | Noticed a manticore
  9402 | D:13     | a manticore changed into a fire giant
  9402 | D:13     | Noticed a fire giant
  9402 | D:13     | XOM: polymorph manticore -> fire giant
  9520 | D:11     | XOM: give mutation
  9520 | D:11     | Gained mutation: One of your tentacles bears a nasty spike.
                  | [Xom's grace]
  9560 | D:11     | XOM: god gift: scroll of enchant armour
  9696 | D:11     | XOM: give mutations
  9696 | D:11     | Gained mutation: You are partially covered in iridescent
                  | scales. (AC +2) [Xom's mischief]
  9696 | D:11     | Lost mutation: You are strong-willed. (Will+) [Xom's
                  | mischief]
  9818 | D:11     | XOM: god gift: fizzy red potion {god gift}
  9874 | D:11     | an orc knight changed into an eye of devastation
 10116 | D:12     | Noticed a boulder beetle
 10117 | D:12     | Noticed a deep elf pyromancer
 10121 | D:12     | Killed a deep elf pyromancer
 10122 | D:12     | Reached skill level 12 in Long Blades
 10123 | D:12     | Noticed a skeletal warrior
 10134 | D:12     | XOM: cleaving
 10136 | D:12     | Noticed a skeletal warrior
 10168 | D:11     | XOM: summons friendly quasit
 10186 | D:11     | XOM: repel stairs
 10191 | D:11     | Killed a boulder beetle
 10272 | D:12     | XOM: summons friendly crimson imp
 10276 | D:12     | XOM: god gift: potion of brilliance
 10281 | D:12     | XOM: polymorph crimson imp -> shadow imp
 10283 | D:12     | Reached skill level 10 in Dodging
 10313 | D:12     | Noticed a skeletal warrior
 10467 | Lair:1   | Entered Level 1 of the Lair of Beasts
 10486 | Lair:1   | Reached XP level 12. HP: 66/82 MP: 12/12
 10535 | Lair:1   | Paralysed by a hornet for 1 turns
 10549 | Lair:1   | Paralysed by a hornet for 1 turns
 10551 | Lair:1   | Lost mutation: One of your tentacles bears a nasty spike.
                  | [potion of mutation]
 10551 | Lair:1   | Lost mutation: Your muscles are very strong. (Str +8,
                  | Int/Dex -2) [potion of mutation]
 10551 | Lair:1   | Gained mutation: Your muscles are very strong. (Str +8,
                  | Int/Dex -2) [potion of mutation]
 10551 | Lair:1   | Gained mutation: You are very agile. (Dex +8, Str/Int -2)
                  | [potion of mutation]
 10551 | Lair:1   | HP: 6/123 [hornet (10)]
 10551 | Lair:1   | Paralysed by a hornet for 2 turns
 10553 | Lair:1   | HP: 1/123 [hornet (4)]
 10558 | Lair:1   | HP: 1/184 [poisoned by a hornet]
 10559 | Lair:1   | Mangled by a hornet

Illustrated notes

Levels and vault maps discovered:
D:1:      tarquinn_simple_flora_water_e, layout_basic
D:2:      layout_basic
D:3:      layout_basic, minmay_randomly_rotated_circles
D:4:      layout_gridville, grunt_gozag_statues
D:5:      layout_rooms, hangedman_abyss_or_decor_stagger
D:6:      nicolae_cairo_tiling_very_big, layout_cave_pools,
          minmay_temple_entry_stoned_glass
D:7:      layout_cave_pools, kennysheep_small_square
D:8:      layout_layer_cave, lair_entry_dummy, serial_shops, shop,
          supply_closet_lemuel, kennysheep_boxes
D:9:      layout_gridville, gammafunk_ghost_hive, uniq_psyche
D:10:     layout_basic, david_orc_2
D:11:     layout_roguey [special_room_orc]
D:12:     layout_cave_pools
D:13:     layout_rooms, serial_shops, nicolae_shop_rolled_up, shop, shop, shop,
          uniq_rupert
Lair:1:   layout_small_grid, chequers_serial_rivers_micro_b,
          dreamdust_wasp_nest, infiniplex_staircase_pool

Skill      XL: |  1  2  3  4  5  6  7  8  9 10 11 |
---------------+----------------------------------+-----
Fighting       | 4 5 6 7 8 |  8.0
Stealth        | 2 4 |  4.2
Evocations     | 2 5 6 7 |  7.4
Dodging        | 3 5 6 8 10 | 10.2
Long Blades    | 4 7 10 12 | 12.8

Action                     |  1- 3 |  4- 6 |  7- 9 | 10-12 || total
---------------------------+-------+-------+-------+-------++-------
  Melee: Falchion          |    40 |     9 |   145 |    63 ||   257
         Constrict         |    16 |    23 |    44 |    44 ||   127
         Tentacles         |    10 |    22 |    55 |    76 ||   163
         Short sword       |    17 |    83 |    29 |       ||   129
         Dagger            |    15 |       |       |       ||    15
         Punch             |     1 |     1 |     3 |     6 ||    11
         Spear             |       |       |    11 |       ||    11
         Staff             |       |       |     9 |     2 ||    11
         Kick              |       |       |    31 |   118 ||   149
         Scimitar          |       |       |       |   271 ||   271
  Evoke: Wand              |       |       |     5 |    24 ||    29
    Use: Scroll            |       |       |     9 |    13 ||    22
         Potion            |       |       |       |    16 ||    16
   Stab: Sleeping          |     4 |     4 |    12 |     8 ||    28
         Petrifying        |     1 |       |       |       ||     1
         Petrified         |       |       |     4 |       ||     4
         Confused          |       |       |     1 |       ||     1
         Distracted        |       |       |     1 |     2 ||     3
 Armour: Skin              |    28 |    49 |    81 |   217 ||   375
  Dodge: Dodged            |    41 |    63 |   134 |   219 ||   457

Table legend: (Time is in decaauts)
 A = Elapsed time spent in this place.
 B = Non-inter-level travel time spent in this place.
 C = Inter-level travel time spent in this place.
 D = Time resting spent in this place.
 E = Time spent auto-exploring this place.
 F = Levels seen in this place.
 G = Mean time per level.
                   A        B        C        D        E       F      G
               +--------+--------+--------+--------+--------+-----+--------+
         Total |  10504 |  10077 |    427 |    837 |   6913 |  14 |  750.3 |
       Dungeon |  10407 |   9981 |    426 |    837 |   6875 |  13 |  800.5 |
          Lair |     96 |     96 |      0 |      0 |     38 |   1 |   96.0 |
               +--------+--------+--------+--------+--------+-----+--------+

Top non-repeatable levels by time:
     D:8: 1718 daAuts
    D:10: 1123 daAuts
    D:11: 1120 daAuts
     D:9: 971 daAuts
     D:2: 948 daAuts
     D:7: 834 daAuts
     D:3: 824 daAuts
     D:6: 770 daAuts
     D:4: 702 daAuts
     D:1: 657 daAuts
     D:5: 506 daAuts
    D:12: 186 daAuts
  Lair:1: 96 daAuts
    D:13: 45 daAuts
